 Dungeon Crawl Stone Soup version 0.15.2 (webtiles) character file.

120 Alarkh the Grave Robber (level 4, -3/36 HPs)
             Began as a Deep Dwarf Necromancer on Jan 31, 2015.
             Slain by an orc
             ... wielding a +0 flail
              (11 damage)
             ... on Level 3 of the Dungeon.
             The game lasted 00:04:55 (2500 turns).

Alarkh the Grave Robber (Deep Dwarf Necromancer)    Turns: 2500, Time: 00:04:55

HP  -3/36        AC  2     Str 11      XL: 4   Next: 75%
MP   6/9         EV 12     Int 17      God:
Gold 97          SH  0     Dex 13      Spells:  3 memorised,  1 level left

rFire  . . .     SeeInvis .     a - +0 dagger
rCold  . . .     Clarity  .     p - +0 robe
rNeg   . . .     rCorr    .     (no shield)
rPois  .         rRot     .     (no helmet)
rElec  .         Spirit   .     (no cloak)
SustAb +         Warding  .     (no gloves)
rMut   .         Stasis   .     (no boots)
Gourm  .                        s - cursed amulet of inaccuracy
MR     .....                    (no ring)
                                h - ring of sustain abilities

@: non-regenerating, not resistant to hostile enchantments, unstealthy
A: damage resistance, recharge devices, sense surroundings 1, slow healing 3
a: Device Recharging


You were on level 3 of the Dungeon.
You were near starving.

You visited 1 branch of the dungeon, and saw 3 of its levels.

You collected 97 gold pieces.

Inventory:

Hand weapons
 a - a +0 dagger (weapon)
 b - a +4 antimagic dagger
Armour
 p - a +0 robe (worn)
Magical devices
 c - a wand of heal wounds (5)
Comestibles
 d - 3 bread rations
 i - a meat ration
 n - a beef jerky
Scrolls
 k - 2 scrolls of remove curse {unknown}
 l - a scroll of teleportation {unknown}
 m - a scroll of fear {unknown}
 o - a scroll of blinking
 q - a scroll of enchant weapon {unknown}
 t - a scroll of noise {unknown}
 u - a scroll of recharging {unknown}
 v - a scroll of identify {unknown}
Jewellery
 h - a ring of sustain abilities (left hand)
 s - a cursed amulet of inaccuracy (around neck)
Potions
 e - 3 potions of agility {unknown}
 g - 2 potions of restore abilities {unknown}
 j - 2 potions of curing {unknown}
Books
 f - a book of Necromancy

   Spells                             Type                      Level
   *Pain                              Necromancy                   1
   Animate Skeleton                   Necromancy                   1
   *Vampiric Draining                 Necromancy                   3
   Regeneration                       Charms/Necromancy            3
   *Animate Dead                      Necromancy                   4
   Control Undead                     Necromancy                   4


   Skills:
 - Level 2.1 Dodging
 - Level 2.4 Stealth
 + Level 3.1 Spellcasting
 + Level 5.8 Necromancy


You had one spell level left.
You knew the following spells:

 Your Spells              Type           Power        Failure   Level  Hunger
a - Pain                  Necr           ###.         1%          1    None
b - Vampiric Draining     Necr           ###.......   6%          3    ###....
c - Animate Dead          Necr           N/A          17%         4    ####...


Dungeon Overview and Level Annotations

Branches:
Dungeon (3/15)

Altars:

Annotations:
D:3 ark's ghost, average TrEE


Innate Abilities, Weirdness & Mutations

You are resistant to damage.
You can recharge devices by infusing magical energy.
You passively map a small area around you.
You do not heal naturally.


Message History

You climb downwards.
Level annotation: ark's ghost, average TrEE An orc comes into view.
It is wielding a flail.
The orc shouts!
The orc misses you.
There is a stone staircase leading up here.
Casting: Vampiric Draining
Confirm with . or Enter, or press ? or * to list all spells.
Aiming: Vampiric Draining
Press: ? - help, Shift-Dir - straight line, f - orc
Aim: an orc, wielding a hand axe and wearing a chain mail You kill the orc!
You feel life coursing into your body.
An orc wizard comes into view. It is wielding a dagger.
The orc wizard shouts!
Items here: % )) [ a hand axe; a chain mail; a dagger; a kobold corpse
There is a stone staircase leading up here.
The orc hits you with a flail!
You die...

,, #...
#... , ,, ,
#... #* *
######.#
... , ,, ,
#....... ,
... ,
#.......
,.. ,
#....... ,
#.####
#....... ,
, *#.oo@#
####.......
........###
#..........
,.....o. *
#.##.......
.......
#.#########
,.......* *
#.# ....o.
..., #.#,*
* .....
,... *#.# ,
.... ...
#.#,* , #
... #.# *


You could see an orc wizard and 2 orcs.

Vanquished Creatures
  5 adders (D:2)
  2 worms (D:2)
  6 orcs (D:3)
  9 bats
  3 giant cockroaches (D:1)
  6 goblins
  4 hobgoblins
  3 jackals (D:2)
  A quokka (D:2)
  3 ball pythons
  A giant newt (D:2)
  6 kobolds
  2 rats (D:1)
51 creatures vanquished.

Vanquished Creatures (collateral kills)
  An adder (D:3)
1 creature vanquished.

Vanquished Creatures (others)
  A ball python zombie (D:3)
  A goblin zombie (D:3)
  2 orc zombies (D:3)
4 creatures vanquished.

Grand Total: 56 creatures vanquished

Notes
Turn   | Place    | Note
--------------------------------------------------------------
     0 | D:1      | Alarkh, the Deep Dwarf Necromancer, began the quest for the Orb.
     0 | D:1      | Reached XP level 1. HP: 15/15 MP: 2/2
   268 | D:1      | Reached XP level 2. HP: 22/22 MP: 0/4
  1058 | D:2      | Reached skill level 5 in Necromancy
  1058 | D:2      | Reached XP level 3. HP: 10/28 MP: 2/6
  1064 | D:2      | Learned a level 3 spell: Vampiric Draining
  1611 | D:2      | Reached XP level 4. HP: 14/36 MP: 0/8
  2189 | D:3      | Learned a level 4 spell: Animate Dead
  2297 | D:3      | Noticed ark's ghost (average TrEE)
  2500 | D:3      | Slain by an orc

Action                   |  1- 3 |  4- 6 || total
-------------------------+-------+-------++-------
Melee: Dagger            |    38 |    11 ||    49
 Cast: Pain              |    41 |    16 ||    57
       Vampiric Draining |    11 |    11 ||    22
       Animate Dead      |       |     3 ||     3
  Use: Scroll            |       |     1 ||     1
 Stab: Sleeping          |     1 |     1 ||     2
  Eat: Chunk             |     3 |     4 ||     7
